[Event "Titled Tuesday Blitz February 21 Late 2023"]
[White "Trost, Edvin"]
[Black "Filgueira, Hernan"]
[WhiteFideId "1729519"]
[BlackFideId "101770"]
[WhiteElo "2399"]
[BlackElo "2283"]
[Result "1-0"]
[Round "07"]
[TimeControl "180+2"]
[Date "2023.02.21"]
[WhiteClock "0:01:45"]
[BlackClock "0:00:12"]

1. Nf3 d6 2. b3 e5 3. Bb2 Nc6 4. g3 g6 5. Bg2 Bg7 6. O-O Nge7 7. e4 O-O 8. d4 Bg4 9. d5 Nd4 10. Nbd2 Nxf3+ 11. Nxf3 Qd7 12. Qd3 Bh3 13. Nd2 Bxg2 14. Kxg2 f5 15. f3 Rf7 16. c4 b6 17. b4 Raf8 18. a4 Bh6 19. Bc3 fxe4 20. fxe4 Qg4 21. h3 Qd7 22. b5 Rxf1 23. Rxf1 Rxf1 24. Qxf1 Bxd2 25. Bxd2 Nc8 26. Bg5 Qf7 27. Qxf7+ Kxf7 28. Bd8 Ke8 29. Bxc7 Kd7 30. Bb8 h6 31. Kf3 Ke7 32. Kg4 Kf7 33. h4 h5+ 34. Kg5 Kg7 35. Bc7 Kf7 36. Bd8 Ke8 37. Kxg6 1-0


[Site "https://www.chess.com"]

[Event "Titled Tuesday Blitz February 21 Late 2023"]
[White "Sadovsky, Artem"]
[Black "Oro, Faustino"]
[WhiteFideId "4155840"]
[BlackFideId "20000197"]
[WhiteElo "2276"]
[BlackElo "2269"]
[Result "1-0"]
[Round "07"]
[TimeControl "180+2"]
[Date "2023.02.21"]
[WhiteClock "0:01:22"]
[BlackClock "0:00:12"]

1. Nf3 Nf6 2. e3 b6 3. b3 Bb7 4. Bb2 e6 5. Be2 Be7 6. O-O O-O 7. c4 c5 8. d3 d5 9. Nbd2 Nbd7 10. a3 Rc8 11. Qc2 Bd6 12. Rad1 Qe7 13. Rfe1 Bb8 14. e4 d4 15. Bc1 Nh5 16. Nf1 Nf4 17. Ng3 f6 18. Bd2 Qf7 19. Qc1 Nxe2+ 20. Rxe2 Rfe8 21. Bf4 e5 22. Bd2 Nf8 23. Nf5 Ne6 24. h4 h5 25. g3 Kh7 26. Nh2 Rcd8 27. f3 Bc8 28. g4 hxg4 29. fxg4 Nf4 30. Bxf4 exf4 31. h5 g6 32. hxg6+ Qxg6 33. Nf3 Bxf5 34. Rh2+ Kg7 35. Nh4 Qxg4+ 36. Rg2 Bc8 37. Nf5+ Bxf5 38. exf5 Qxg2+ 39. Kxg2 Re3 40. Kf2 Rh8 41. Rh1 Rhe8 42. Qg1+ Rg3 43. Qh2 f3 44. Qh7+ Kf8 45. Qh8+ Ke7 46. Re1+ Be5 47. Rxe5+ fxe5 48. Qxe5+ Kd7 49. Qxg3 1-0


[Site "https://www.chess.com"]

[Event "Titled Tuesday Blitz February 21 Late 2023"]
[White "Ezat, Mohamed"]
[Black "Dourerassou, Jonathan"]
[WhiteFideId "10600906"]
[BlackFideId "628050"]
[WhiteElo "2402"]
[BlackElo "2414"]
[Result "0-1"]
[Round "07"]
[TimeControl "180+2"]
[Date "2023.02.21"]
[WhiteClock "0:01:11"]
[BlackClock "0:01:11"]

1. d4 Nf6 2. Nf3 g6 3. Nbd2 Bg7 4. e4 O-O 5. Bc4 d6 6. Qe2 c5 7. e5 Ne8 8. e6 f6 9. d5 Nc7 10. a4 b6 11. Ne4 Bb7 12. Nc3 a6 13. Qd3 b5 14. axb5 axb5 15. Rxa8 bxc4 16. Rxb8 Qxb8 17. Qxc4 Qa8 18. O-O Nxd5 19. Nd2 Nxc3 20. Qxc3 Bxg2 21. Re1 f5 22. Qg3 Bd5 23. Nf3 Qa4 24. Bg5 Bf6 25. Bxf6 Rxf6 26. Ng5 Qg4 27. Ra1 Qxg3+ 28. hxg3 h6 29. Nh3 g5 30. f4 g4 31. Nf2 Rxe6 32. Nd3 Re3 33. Re1 Rxg3+ 34. Kf1 e6 35. Nf2 Kf7 36. b3 Rf3 37. c4 g3 38. cxd5 Rxf2+ 39. Kg1 exd5 0-1


[Site "https://www.chess.com"]

[Event "Titled Tuesday Blitz February 21 Late 2023"]
[White "The_Sherman_Variation"]
[Black "Solon, Nathan"]
[BlackFideId "2017229"]
[WhiteElo "2501"]
[BlackElo "2306"]
[Result "0-1"]
[Round "07"]
[TimeControl "180+2"]
[Date "2023.02.21"]
[WhiteClock "0:01:15"]
[BlackClock "0:01:23"]

1. d4 Nf6 2. Bf4 c5 3. c3 Qb6 4. Qb3 Qxb3 5. axb3 cxd4 6. cxd4 Nc6 7. e3 Nb4 8. Na3 d6 9. Rc1 a6 10. f3 Nfd5 11. Nh3 Bxh3 12. gxh3 Nxf4 13. exf4 g6 14. Nc4 Nd5 15. Na5 b6 16. Nc4 Bh6 17. Bd3 Nxf4 18. Rd1 b5 19. Be4 d5 20. Nb6 Rd8 21. Bb1 Rd6 22. Nc8 Rc6 23. Na7 Rc7 0-1


[Site "https://www.chess.com"]

[Event "Titled Tuesday Blitz February 21 Late 2023"]
[White "Timmermans, Mark"]
[Black "Womacka, Mathias"]
[WhiteFideId "1026399"]
[BlackFideId "4611390"]
[WhiteElo "2392"]
[BlackElo "2396"]
[Result "1/2-1/2"]
[Round "07"]
[TimeControl "180+2"]
[Date "2023.02.21"]
[WhiteClock "0:00:14"]
[BlackClock "0:00:16"]

1. e4 c5 2. Nf3 d6 3. d4 cxd4 4. Nxd4 Nf6 5. Nc3 a6 6. g3 e5 7. Nde2 Nbd7 8. Bg2 b5 9. a3 Be7 10. O-O Bb7 11. h3 O-O 12. Be3 Rc8 13. Kh2 Nb6 14. g4 Nc4 15. Bc1 Nd7 16. Ng3 Bg5 17. b3 Ncb6 18. Nce2 Bxc1 19. Rxc1 Nc5 20. f4 d5 21. exd5 Nxd5 22. Bxd5 Qxd5 23. Qxd5 Bxd5 24. fxe5 Rfe8 25. Nf4 Rxe5 26. Rce1 Rxe1 27. Rxe1 Bc6 28. Kg1 Kf8 29. Kf2 Re8 30. Rxe8+ Kxe8 31. Ke3 g6 32. Kd4 Nd7 33. g5 Ke7 34. h4 Kd6 35. c4 bxc4 36. bxc4 f6 37. h5 gxh5 38. Nf5+ Kc7 39. Ne6+ Kb6 40. c5+ Ka5 41. Nd8 Bf3 42. c6 Bxc6 43. Nxc6+ Ka4 44. gxf6 Nxf6 45. Kc4 Kxa3 46. Nh4 Ng4 47. Kd4 Ka4 48. Ke4 a5 49. Kf4 Kb5 50. Nxa5 Kxa5 51. Kg5 Ne3 52. Kxh5 Kb5 53. Kh6 Nf5+ 54. Nxf5 Kc5 55. Kxh7 1/2-1/2


[Site "https://www.chess.com"]

[Event "Titled Tuesday Blitz February 21 Late 2023"]
[White "Averjanov, Alexey"]
[Black "Prydun, Andriy"]
[WhiteFideId "14109867"]
[BlackFideId "14145898"]
[WhiteElo "2399"]
[BlackElo "2134"]
[Result "1-0"]
[Round "07"]
[TimeControl "180+2"]
[Date "2023.02.21"]
[WhiteClock "0:00:51"]
[BlackClock "0:00:06"]

1. d4 Nf6 2. c4 c5 3. Nf3 cxd4 4. Nxd4 Nc6 5. g3 Qb6 6. Nb3 Ne5 7. c5 Qc6 8. f3 d6 9. cxd6 e6 10. Bg2 Bxd6 11. O-O O-O 12. Nc3 Nc4 13. e4 b5 14. Qe2 Bb7 15. Kh1 Nd7 16. Nd4 Qb6 17. Ndxb5 Ba6 18. Qxc4 Ne5 19. Qb3 Nd3 20. Nxd6 Nf2+ 21. Rxf2 Qxf2 22. Bf4 Rab8 23. Ndb5 Rb6 24. Rf1 Qc5 25. a4 e5 26. Bd2 Rd8 27. Be1 Rh6 28. Bf2 Qc6 29. Nd5 Qd7 30. Be3 Rh5 31. Rc1 Rf8 32. Rc7 Qe6 33. Ne7+ Kh8 34. Qxe6 fxe6 35. Rxa7 Bxb5 36. axb5 1-0


[Site "https://www.chess.com"]

[Event "Titled Tuesday Blitz February 21 Late 2023"]
[White "Nilsen, Tobias Lang"]
[Black "Fiorito, Joaquin"]
[WhiteFideId "1521624"]
[BlackFideId "180173"]
[WhiteElo "2247"]
[BlackElo "2405"]
[Result "0-1"]
[Round "07"]
[TimeControl "180+2"]
[Date "2023.02.21"]
[WhiteClock "0:00:11"]
[BlackClock "0:00:04"]

1. e4 c6 2. Nc3 d5 3. Nf3 Bg4 4. h3 Bxf3 5. Qxf3 Nf6 6. d3 e6 7. Bd2 Qb6 8. O-O-O d4 9. Ne2 Nbd7 10. g4 c5 11. g5 Ng8 12. h4 a5 13. Bh3 Bd6 14. h5 Ne5 15. Qg2 c4 16. f4 cxd3 17. fxe5 Rc8 18. Nc3 dxc3 19. Bxc3 Rxc3 20. bxc3 Ba3+ 21. Kd2 dxc2 22. Kxc2 Ne7 23. Rb1 Qc7 24. g6 hxg6 25. hxg6 Nxg6 26. Bxe6 Rf8 27. Rhd1 Nxe5 28. Qxg7 Bb4 29. c4 Nxc4 30. Bd7+ Ke7 31. Kb3 Nd2+ 32. Rxd2 Bxd2 33. Bf5 Qc5 34. a3 Rd8 35. Rf1 Rd3+ 36. Kb2 Qxa3+ 37. Kc2 Qb3# 0-1


[Site "https://www.chess.com"]

[Event "Titled Tuesday Blitz February 21 Late 2023"]
[White "Risteski, Emil"]
[Black "Coelho, Ramyres Santana"]
[WhiteFideId "15005267"]
[BlackFideId "2120690"]
[WhiteElo "2366"]
[BlackElo "1981"]
[Result "1-0"]
[Round "07"]
[TimeControl "180+2"]
[Date "2023.02.21"]
[WhiteClock "0:00:36"]
[BlackClock "0:00:03"]

1. Nf3 Nf6 2. c4 g6 3. d4 Bg7 4. Nc3 d5 5. cxd5 Nxd5 6. e4 Nxc3 7. bxc3 O-O 8. Be2 c5 9. O-O cxd4 10. cxd4 Nc6 11. Be3 Bg4 12. d5 Bxf3 13. Bxf3 Ne5 14. Be2 a6 15. a4 Rc8 16. Rb1 Nc4 17. Bxc4 Rxc4 18. Qd3 Rxa4 19. Rxb7 Ra2 20. g3 Re8 21. Rc1 Qa5 22. Kg2 Ra3 23. Qc4 Rxe3 24. fxe3 Qd2+ 25. Kf3 Qxh2 26. d6 Be5 27. Rxe7 Qxg3+ 28. Ke2 Qg2+ 29. Kd3 Rf8 30. d7 Qg5 31. Qxf7+ Rxf7 32. d8=Q+ Kg7 33. Rxf7+ Kh6 34. Qxg5+ Kxg5 35. Rc5 Kh4 36. Rxe5 g5 37. Ra5 h5 38. Rxa6 g4 39. Rh7 g3 40. Rg6 Kh3 41. Rxh5+ Kg2 42. e5 Kf1 43. e6 g2 44. Rf5+ Ke1 45. e7 g1=N 46. e8=Q Ne2 47. Rg1+ Nxg1 48. Qa4 Ne2 49. Qa1+ Nc1+ 50. Qxc1# 1-0


[Site "https://www.chess.com"]

[Event "Titled Tuesday Blitz February 21 Late 2023"]
[White "Rego, Pedro Filipe"]
[Black "Manelyuk, Daniil"]
[WhiteFideId "1904310"]
[BlackFideId "44173920"]
[WhiteElo "2312"]
[BlackElo "2302"]
[Result "0-1"]
[Round "07"]
[TimeControl "180+2"]
[Date "2023.02.21"]
[WhiteClock "0:00:01"]
[BlackClock "0:00:07"]

1. c4 c5 2. Nc3 Nc6 3. g3 g6 4. Bg2 Bg7 5. Nf3 e5 6. O-O Nge7 7. Ne1 O-O 8. Nc2 d6 9. Ne3 Be6 10. Ned5 f5 11. Rb1 a5 12. a3 e4 13. d3 exd3 14. Qxd3 Ne5 15. Qc2 N7c6 16. Nb5 Rc8 17. h4 h6 18. Rd1 Nd4 19. Nxd4 cxd4 20. b3 b5 21. f4 Ng4 22. Qd3 Kh7 23. Bb2 Bxd5 24. cxd5 Re8 25. Bxd4 Bxd4+ 26. Qxd4 Rxe2 27. Rdc1 Rxc1+ 28. Rxc1 Qe7 29. Bf1 Re3 30. Rc3 Rxc3 31. Qxc3 Qa7+ 32. Kh1 Nf2+ 33. Kg2 Nd1 34. Qe1 Ne3+ 35. Kf3 Nxf1 36. Qxf1 Qc5 37. Qd3 h5 38. a4 b4 39. Ke2 Kg7 40. Qe3 Qc2+ 41. Kf3 Qd1+ 42. Kg2 Qxd5+ 43. Kf2 Qe4 44. Qa7+ Kh6 45. Qxa5 Qd4+ 46. Ke2 Qb2+ 47. Kf1 Qxb3 48. Qd8 Qf3+ 49. Ke1 Qxg3+ 50. Kd1 Qd3+ 51. Kc1 Qc3+ 52. Kb1 Qb3+ 53. Kc1 Qc4+ 54. Kd1 Qd4+ 55. Kc2 Qc3+ 56. Kd1 Qd3+ 57. Kc1 Qf1+ 58. Kc2 Qe2+ 59. Kb3 Qe3+ 60. Kxb4 Qxf4+ 61. Kb5 Qe5+ 62. Kc6 f4 63. Qf8+ Kh7 64. Qf7+ Qg7 65. Qxf4 Qa7 66. Kxd6 Qb8+ 67. Ke6 Qxf4 0-1


[Site "https://www.chess.com"]

[Event "Titled Tuesday Blitz February 21 Late 2023"]
[White "mohsengabr2002"]
[Black "Chor, Kevin"]
[BlackFideId "2090740"]
[WhiteElo "2349"]
[BlackElo "1944"]
[Result "0-1"]
[Round "07"]
[TimeControl "180+2"]
[Date "2023.02.21"]
[WhiteClock "0:01:59"]
[BlackClock "0:01:32"]

1. b3 Nf6 2. e3 g6 3. Bb2 Bg7 4. g4 d5 5. g5 Nh5 6. d4 c5 7. c3 Nc6 8. Be2 Bf5 9. Bxh5 gxh5 10. Qxh5 cxd4 11. exd4 Qd7 12. Qe2 O-O-O 13. f4 Be4 14. Nf3 Qg4 15. Rf1 Qxf4 16. Ne5 Qh4+ 17. Qf2 Qxf2+ 18. Rxf2 Bxe5 19. dxe5 Nxe5 20. Kd2 Nd3 21. Rxf7 Nxb2 22. Rxe7 Rhe8 23. Rg7 Bd3 0-1


[Site "https://www.chess.com"]

[Event "Titled Tuesday Blitz February 21 Late 2023"]
[White "Buganca, Luiz Henrique Da Silva"]
[Black "Bilych, Olexiy"]
[WhiteFideId "2182289"]
[BlackFideId "14156504"]
[WhiteElo "1920"]
[BlackElo "2441"]
[Result "0-1"]
[Round "07"]
[TimeControl "180+2"]
[Date "2023.02.21"]
[WhiteClock "0:00:02"]
[BlackClock "0:00:39"]

1. d4 Nf6 2. c4 g6 3. Nf3 Bg7 4. g3 O-O 5. Bg2 d6 6. O-O Nc6 7. d5 Na5 8. Nfd2 c5 9. Nc3 a6 10. Rb1 Rb8 11. Qc2 b5 12. b3 Bf5 13. e4 Bg4 14. Bb2 Qc8 15. Ba1 Bh3 16. Rbe1 h5 17. Nd1 Bxg2 18. Kxg2 e5 19. h3 Qd7 20. f4 Rfe8 21. f5 Kh7 22. Ne3 Rf8 23. Nf3 Bh6 24. Nh4 Kg7 25. Qc1 bxc4 26. bxc4 Rb4 0-1


[Site "https://www.chess.com"]

[Event "Titled Tuesday Blitz February 21 Late 2023"]
[White "Aradhya, Garg"]
[Black "Hajiyev, Kanan"]
[WhiteFideId "25006746"]
[BlackFideId "13404148"]
[WhiteElo "2284"]
[BlackElo "2197"]
[Result "1-0"]
[Round "07"]
[TimeControl "180+2"]
[Date "2023.02.21"]
[WhiteClock "0:00:41"]
[BlackClock "0:00:04"]

1. d4 d5 2. c4 c6 3. Nc3 Nf6 4. e3 g6 5. Nf3 Bg7 6. Be2 O-O 7. O-O Ne4 8. a4 Bg4 9. a5 Nd7 10. Qb3 Nxc3 11. bxc3 dxc4 12. Qxb7 c5 13. Bxc4 Qc8 14. Ba6 Qd8 15. Ba3 Qxa5 16. Bxc5 Qxc3 17. Rfc1 Bxf3 18. Qxd7 Rad8 19. Qxe7 Qd2 20. gxf3 Rfe8 21. Qh4 Rd5 22. Bc4 Rh5 23. Qf4 Rf5 24. Rd1 Qb2 25. Rab1 Qc2 26. Bd3 Qxd1+ 27. Rxd1 Rxf4 28. exf4 Rd8 29. Ba6 Bf8 30. Bxa7 Bd6 31. Rc1 Ra8 32. Rc8+ Rxc8 33. Bxc8 Bxf4 34. d5 Kf8 35. Bc5+ Ke8 36. Ba6 Bc7 37. Bb5+ Kd8 38. d6 Ba5 39. Bd4 Bb4 40. Bb6+ Kc8 41. d7+ Kb7 1-0


[Site "https://www.chess.com"]

[Event "Titled Tuesday Blitz February 21 Late 2023"]
[White "Poeta, Caio Medeiros"]
[Black "Leiva, Gianmarco"]
[WhiteFideId "2142660"]
[BlackFideId "3804399"]
[WhiteElo "2088"]
[BlackElo "2392"]
[Result "0-1"]
[Round "07"]
[TimeControl "180+2"]
[Date "2023.02.21"]
[WhiteClock "0:00:04"]
[BlackClock "0:00:03"]

1. d4 d5 2. c4 e6 3. Nf3 Nf6 4. g3 Be7 5. Bg2 c6 6. O-O O-O 7. Nbd2 b6 8. Qc2 Ba6 9. Rd1 Nbd7 10. b3 b5 11. c5 b4 12. e4 dxe4 13. Nxe4 Nxe4 14. Qxe4 Nxc5 15. Qxc6 Rc8 16. Ne5 Rxc6 17. Nxc6 Qd7 18. Nxe7+ Qxe7 19. dxc5 Qxc5 20. Be3 Qe7 21. Rac1 Rc8 22. Bf1 Rxc1 23. Rxc1 Bb7 24. Bxa7 Qd7 25. Bg2 Bxg2 26. Kxg2 h5 27. Be3 Qb7+ 28. Kg1 Qa6 29. Rc2 Qd3 30. Rd2 Qb1+ 31. Kg2 Qe4+ 32. Kg1 Kh7 33. h4 Kg6 34. Kh2 f6 35. Rd4 Qc2 36. Rxb4 Qxa2 37. Rb8 e5 38. b4 f5 39. Rb6+ Kh7 40. Rb5 Qb2 41. Kg2 Kg6 42. Rb6+ Kh7 43. Rb5 Qc3 44. Rb6 f4 45. gxf4 exf4 46. Bxf4 Qd4 47. Be3 Qg4+ 48. Kf1 Qd1+ 49. Kg2 Qg4+ 50. Kf1 Qxh4 51. b5 Qh1+ 52. Ke2 h4 53. Rc6 Qe4 54. Rc5 Kg8 55. b6 h3 56. Rc8+ Kh7 57. Rc5 Kg8 58. Rc8+ Kf7 59. Rc5 h2 60. Rc7+ Kg8 61. b7 Qg4+ 62. Kd2 h1=Q 63. b8=Q+ Kh7 64. Rc3 Qhd1# 0-1


[Site "https://www.chess.com"]

[Event "Titled Tuesday Blitz February 21 Late 2023"]
[White "Delorme, Axel"]
[Black "Bjelobrk, Igor"]
[WhiteFideId "632023"]
[BlackFideId "4300726"]
[WhiteElo "2483"]
[BlackElo "2403"]
[Result "0-1"]
[Round "07"]
[TimeControl "180+2"]
[Date "2023.02.21"]
[WhiteClock "0:00:01"]
[BlackClock "0:00:05"]

1. e4 e6 2. d4 d5 3. Nc3 Bb4 4. e5 b6 5. a3 Bf8 6. Bb5+ Bd7 7. Bd3 c5 8. Nf3 Nc6 9. Nb5 cxd4 10. Nbxd4 Nxd4 11. Nxd4 Ne7 12. O-O Ng6 13. f4 Bc5 14. c3 O-O 15. Be3 f5 16. exf6 Qxf6 17. b4 Bd6 18. Qh5 Rae8 19. Bd2 Re7 20. Rae1 Be8 21. Qh3 Bd7 22. Qh5 Be8 23. f5 Nf4 24. Qf3 Nxd3 25. Qxd3 e5 26. Ne6 Rxe6 27. fxe6 Qxe6 28. Rxf8+ Bxf8 29. Qg3 e4 30. Be3 h6 31. Bf4 Bg6 32. Be5 Kh7 33. Rf1 Be7 34. h3 b5 35. Qf4 a6 36. Qg3 Bg5 37. Bf4 Bf6 38. Be3 Bxc3 39. Bxh6 Bd4+ 40. Be3 Be5 41. Bf4 Bf6 42. Be3 d4 43. Bg5 Be5 44. Qh4+ Kg8 45. Be7 Bf7 46. Bc5 e3 47. Qd8+ Kh7 48. Qh4+ Kg6 49. Qe4+ Kh6 50. Bxd4 Bxd4 51. Qh4+ Bh5 52. Qxd4 e2 53. Qf4+ g5 54. Rf3 e1=Q+ 55. Kh2 gxf4 0-1


[Site "https://www.chess.com"]

[Event "Titled Tuesday Blitz February 21 Late 2023"]
[White "Gascon Del Nogal, Jose Rafael"]
[Black "Dzida, Kamil"]
[WhiteFideId "3902463"]
[BlackFideId "21828652"]
[WhiteElo "2459"]
[BlackElo "2352"]
[Result "0-1"]
[Round "07"]
[TimeControl "180+2"]
[Date "2023.02.21"]
[WhiteClock "0:00:11"]
[BlackClock "0:00:29"]

1. e4 e5 2. Nf3 Nc6 3. Bc4 Nf6 4. d3 Bc5 5. c3 d6 6. O-O a6 7. a4 O-O 8. h3 h6 9. Nbd2 Ba7 10. Re1 Be6 11. Bxe6 fxe6 12. b4 Qd7 13. Nf1 Nh5 14. Ra2 Rf7 15. Kh2 Raf8 16. Ng3 Nf4 17. Bxf4 Rxf4 18. b5 Ne7 19. d4 Ng6 20. Re3 exd4 21. cxd4 e5 22. Nf5 Ne7 23. dxe5 Nxf5 24. Qd5+ Kh8 25. e6 Qe7 26. exf5 Bxe3 27. fxe3 R4xf5 28. Qxb7 axb5 29. a5 Qxe6 30. a6 Qxa2 0-1


[Site "https://www.chess.com"]

[Event "Titled Tuesday Blitz February 21 Late 2023"]
[White "Figorito, Nick"]
[Black "Feng, Eric"]
[WhiteFideId "30923689"]
[BlackFideId "30952590"]
[WhiteElo "2036"]
[BlackElo "1951"]
[Result "0-1"]
[Round "07"]
[TimeControl "180+2"]
[Date "2023.02.21"]
[WhiteClock "0:00:55"]
[BlackClock "0:01:26"]

1. Nf3 Nf6 2. g3 d5 3. Bg2 g6 4. O-O Bg7 5. d4 O-O 6. c4 c6 7. cxd5 cxd5 8. Ne5 Nc6 9. Nxc6 bxc6 10. Nc3 Bf5 11. Bf4 Rc8 12. Be5 Nd7 13. Bxg7 Kxg7 14. Rc1 e5 15. e4 dxe4 16. Nxe4 Bxe4 17. Bxe4 Qf6 18. d5 cxd5 19. Qxd5 Nb6 20. Qa5 Nc4 21. Qxa7 Nd2 22. Rxc8 Rxc8 23. Re1 Nxe4 24. Rxe4 Rc1+ 25. Kg2 Qc6 26. Qa4 Qd5 27. Kh3 Rg1 28. Qc4 Qd7+ 29. g4 Qd1 30. Qe2 Qc1 31. f4 exf4 32. Re7 f3 33. Qe5+ Kh6 34. Qf6 Qf1+ 35. Kh4 Qf2+ 36. Kh3 Qg2+ 37. Kh4 Qxg4# 0-1


[Site "https://www.chess.com"]

[Event "Titled Tuesday Blitz February 21 Late 2023"]
[White "Shapiro, Viktor"]
[Black "Jovic, Stanoje"]
[WhiteFideId "4175700"]
[BlackFideId "905020"]
[WhiteElo "2192"]
[BlackElo "2075"]
[Result "1-0"]
[Round "07"]
[TimeControl "180+2"]
[Date "2023.02.21"]
[WhiteClock "0:01:29"]
[BlackClock "0:00:02"]

1. c4 e5 2. Nc3 Nf6 3. g3 c6 4. Bg2 d5 5. cxd5 cxd5 6. Qb3 d4 7. Bxb7 Bxb7 8. Qxb7 Nbd7 9. Nd5 Nxd5 10. Qxd5 Be7 11. Nf3 O-O 12. O-O Bf6 13. d3 Rb8 14. b3 Qe7 15. Bd2 Nb6 16. Qe4 Rfc8 17. Rfc1 h6 18. a4 Nd7 19. b4 a6 20. Rc6 Rxc6 21. Qxc6 Rb6 22. Qd5 g5 23. a5 Re6 24. b5 e4 25. dxe4 d3 26. Re1 dxe2 27. Rxe2 axb5 28. Qxb5 Rxe4 29. Rxe4 Qxe4 30. Qxd7 Qxf3 31. a6 Qe4 32. Qb7 Qe2 33. Be3 Qd1+ 34. Kg2 1-0


[Site "https://www.chess.com"]

[Event "Titled Tuesday Blitz February 21 Late 2023"]
[White "Fiorito, Francisco"]
[Black "Jian, Alex"]
[WhiteFideId "180165"]
[BlackFideId "30901022"]
[WhiteElo "2305"]
[BlackElo "2031"]
[Result "0-1"]
[Round "07"]
[TimeControl "180+2"]
[Date "2023.02.21"]
[WhiteClock "0:01:42"]
[BlackClock "0:01:03"]

1. d4 Nf6 2. Nc3 d5 3. Bf4 a6 4. e3 c5 5. dxc5 e6 6. Na4 Bxc5 7. Nxc5 Qa5+ 8. c3 Qxc5 9. Nf3 Nc6 10. Bd3 O-O 11. Qc2 h6 12. h3 b5 13. a3 Bb7 14. O-O Nd7 15. e4 e5 16. Bg3 d4 17. Rac1 Rac8 18. cxd4 Nxd4 19. Nxd4 Qxd4 20. Qe2 Nc5 21. Rcd1 Nxd3 22. Rxd3 Qxe4 23. Re3 Qxg2# 0-1


[Site "https://www.chess.com"]

[Event "Titled Tuesday Blitz February 21 Late 2023"]
[White "Cori T., Deysi"]
[Black "Meunier-Pion, Jean"]
[WhiteFideId "3801934"]
[BlackFideId "20685327"]
[WhiteElo "2362"]
[BlackElo "2215"]
[Result "1-0"]
[Round "07"]
[TimeControl "180+2"]
[Date "2023.02.21"]
[WhiteClock "0:01:26"]
[BlackClock "0:00:05"]

1. d4 d5 2. Nf3 Nf6 3. c4 c6 4. Nc3 a6 5. e3 b5 6. cxd5 cxd5 7. Bd3 Bg4 8. h3 Bxf3 9. Qxf3 Nc6 10. O-O b4 11. Na4 e5 12. dxe5 Nxe5 13. Qe2 Nxd3 14. Qxd3 Bd6 15. b3 O-O 16. Bb2 Rc8 17. Bxf6 Qxf6 18. Qxd5 Rfd8 19. Qf3 Qe5 20. g3 h5 21. h4 Rc2 22. Rfd1 Rdc8 23. Nb6 R8c3 24. Nc4 Rxc4 25. bxc4 Rxc4 26. Rac1 Rxc1 27. Rxc1 g6 28. Kg2 a5 29. Rc6 Be7 30. Rc8+ Kg7 31. Ra8 Qb5 32. Qe4 Bf6 33. Kh2 Qe2 34. Qf4 Qxa2 35. Ra6 Be7 36. Qe5+ Kh7 37. Kg2 Bf8 38. Ra7 Kg8 39. Qe4 a4 40. Ra8 Qe6 41. Qxe6 fxe6 42. Rxa4 Kf7 43. Ra7+ Kf6 44. f4 Bc5 45. Rb7 e5 46. Kf3 exf4 47. gxf4 Ke6 48. e4 Be7 49. f5+ gxf5 50. exf5+ Kd6 51. Rxb4 Ke5 52. Rb5+ Kf6 53. Ke4 Bd6 54. Rb6 Ke7 55. f6+ Ke6 56. Rxd6+ Kxd6 57. Kf5 Kd7 58. Kg6 Ke8 59. Kg7 1-0


[Site "https://www.chess.com"]

[Event "Titled Tuesday Blitz February 21 Late 2023"]
[White "Guzman, Christopher"]
[Black "Li, Hui"]
[WhiteFideId "6405096"]
[BlackFideId "15400310"]
[WhiteElo "2271"]
[BlackElo "1963"]
[Result "1-0"]
[Round "07"]
[TimeControl "180+2"]
[Date "2023.02.21"]
[WhiteClock "0:02:42"]
[BlackClock "0:00:29"]

1. e4 e5 2. Nf3 Nf6 3. Nxe5 d6 4. Nf3 Nxe4 5. c3 d5 6. d3 Nf6 7. Bg5 Bd6 8. Nbd2 O-O 9. Be2 Re8 10. O-O c6 11. Re1 Bg4 12. a4 a5 13. Qb3 Ra7 14. Bxf6 gxf6 15. Bf1 Nd7 16. h3 Be6 17. d4 Qb6 18. Qc2 Raa8 19. Bd3 Nf8 20. Nh4 Ng6 21. Nxg6 fxg6 22. Bxg6 hxg6 23. Qxg6+ Kh8 24. Qxf6+ Kg8 25. Rxe6 Qxb2 26. Qg6+ Kf8 27. Rf6+ Ke7 28. Qf7+ 1-0


[Site "https://www.chess.com"]

[Event "Titled Tuesday Blitz February 21 Late 2023"]
[White "Vaglio Mattey, Emanuel"]
[Black "Fieberg, Samuel"]
[WhiteFideId "6504167"]
[BlackFideId "12901717"]
[WhiteElo "2155"]
[BlackElo "2157"]
[Result "1-0"]
[Round "07"]
[TimeControl "180+2"]
[Date "2023.02.21"]
[WhiteClock "0:00:06"]
[BlackClock "0:00:36"]

1. d4 d5 2. Nf3 c5 3. e3 Nf6 4. c3 e6 5. Nbd2 Nbd7 6. Bd3 b6 7. O-O Bb7 8. Qe2 Ne4 9. Ba6 Bxa6 10. Qxa6 Nd6 11. Ne5 Nxe5 12. dxe5 Nf5 13. e4 dxe4 14. Nxe4 Be7 15. Bf4 O-O 16. Rfd1 Qc7 17. Rd2 Rad8 18. Rad1 Rxd2 19. Rxd2 Rd8 20. Rxd8+ Qxd8 21. h3 Qd7 22. a4 h6 23. a5 Qc6 24. f3 Kh7 25. Qxa7 bxa5 26. Qxa5 g5 27. Bd2 Qd5 28. Qc7 Kg6 29. b4 cxb4 30. cxb4 h5 31. Qc2 Kh6 32. Qc3 h4 33. Qb2 Ng3 34. Nxg3 hxg3 35. Qc3 Bd8 36. h4 Bb6+ 37. Kf1 Qb5+ 38. Ke1 Bf2+ 39. Kd1 Qf1+ 40. Kc2 Qxg2 41. Bxg5+ Kh5 42. Kb3 Qf1 43. Qc2 f5 44. exf6 Qc4+ 45. Kxc4 g2 46. Qh7# 1-0


[Site "https://www.chess.com"]

[Event "Titled Tuesday Blitz February 21 Late 2023"]
[White "Nunez V, Gustavo Eduardo"]
[Black "Ibadov, Dashgyn"]
[WhiteFideId "4403690"]
[BlackFideId "24107514"]
[WhiteElo "2212"]
[BlackElo "2391"]
[Result "0-1"]
[Round "07"]
[TimeControl "180+2"]
[Date "2023.02.21"]
[WhiteClock "0:00:19"]
[BlackClock "0:00:12"]

1. e4 c5 2. Nc3 d6 3. g3 Nc6 4. Bg2 g6 5. d3 Bg7 6. Be3 e6 7. Qd2 h5 8. h3 Nge7 9. Nge2 Nd4 10. O-O Nec6 11. Rab1 Rb8 12. a3 Nxe2+ 13. Nxe2 Nd4 14. b4 Qc7 15. c3 Nxe2+ 16. Qxe2 O-O 17. Rfc1 b6 18. d4 Bb7 19. bxc5 bxc5 20. Rb2 Ba6 21. Qd2 Rxb2 22. Qxb2 Rb8 23. Qc2 Bc4 24. Rb1 Rb6 25. e5 Rxb1+ 26. Qxb1 cxd4 27. exd6 Qxd6 28. cxd4 Qxa3 29. Qb8+ Bf8 30. Bh6 a5 31. Qa8 a4 32. Bxf8 Qxf8 33. Qxa4 Qc8 34. Qd1 Kg7 35. Qd2 Qa6 36. Kh2 Qb5 37. Qc3 Bd5 38. Bxd5 Qxd5 39. Qe3 Kf6 40. Qf4+ Ke7 41. Qc7+ Kf8 42. Qb8+ Kg7 43. Qe5+ Qxe5 44. dxe5 Kf8 45. f4 Ke7 46. Kg2 Kd7 47. Kf3 Kc6 48. Ke4 Kc5 49. g4 hxg4 50. hxg4 Kc4 51. f5 g5 52. fxe6 fxe6 53. Ke3 Kd5 54. Kf3 Kxe5 55. Ke3 Kd5 56. Kd3 e5 57. Ke3 e4 58. Ke2 Kd4 59. Kf2 Kd3 60. Ke1 Ke3 61. Kd1 Kf4 62. Ke2 Kxg4 63. Ke3 Kf5 64. Kf2 Kf4 65. Ke2 e3 66. Kf1 Kf3 67. Ke1 e2 68. Kd2 Kf2 69. Kd3 e1=Q 70. Kc4 Ke3 71. Kb5 Qc3 72. Kb6 Kd4 73. Kb5 Qc5+ 74. Ka6 Qb4 75. Ka7 Kc5 76. Ka8 Kc6 77. Ka7 Qb7# 0-1


[Site "https://www.chess.com"]

[Event "Titled Tuesday Blitz February 21 Late 2023"]
[White "Bilan, Danila"]
[Black "Gerbelli Neto, Eduardo"]
[WhiteFideId "24161918"]
[BlackFideId "2103281"]
[WhiteElo "2303"]
[BlackElo "2114"]
[Result "1-0"]
[Round "07"]
[TimeControl "180+2"]
[Date "2023.02.21"]
[WhiteClock "0:00:16"]
[BlackClock "0:00:09"]

1. d4 d5 2. Nf3 Nf6 3. c4 c6 4. Nc3 e6 5. Bg5 dxc4 6. e4 b5 7. e5 h6 8. Bh4 g5 9. Nxg5 Nd5 10. Nxf7 Qxh4 11. Nxh8 Bb4 12. Rc1 c5 13. dxc5 Nd7 14. Be2 Bb7 15. Bh5+ Kd8 16. Nf7+ Kc7 17. Nd6 Bc6 18. O-O Bxc3 19. bxc3 Rg8 20. Bf3 Nxe5 21. Nxb5+ Bxb5 22. Bxd5 exd5 23. Qxd5 Qg5 24. f4 Nf3+ 25. Qxf3 Qxc5+ 26. Qf2 Bc6 27. Qxc5 Rxg2+ 28. Kh1 Rg4+ 29. Qxc6+ Kxc6 30. f5 1-0


[Site "https://www.chess.com"]